| TOP OF THE 1ST |
|
Akron RubberDucks batting - Pitching for Northwest Arkansas Naturals : RHP Andrew Tipton
|
|
Pitching: RHP Andrew Tipton
|
|
|
Batting: LHB Nick Welling
|
0-0: Ball 1-0: Called Strike 1-1: Ball 2-1: Ball 3-1: Called Strike 3-2: Base on Balls
|
|
Batting: SHB Arturo Baez
|
0-0: Called Strike 0-1: Ball 1-1: Ball 2-1: Ball 3-1: Base on Balls Nick Welling to second
|
|
Batting: RHB Harris Leroux
|
0-0: Foul Ball, location: 2F 0-1: Swinging Strike 0-2: Ball 1-2: Strikes out swinging
|
|
Batting: RHB Christian Blue
|
0-0: Swinging Strike 0-1: Called Strike 0-2: Foul Ball, location: 2F 0-2: Ball 1-2: Strikes out swinging
|
|
Batting: RHB Hieronim Rutkowski
|
0-0: Called Strike 0-1: Ball 1-1: Swinging Strike 1-2: Foul Ball, location: 2F 1-2: Foul Ball, location: 2F 1-2: Ball 2-2: Strikes out swinging
|
| Top of the 1st over - 0 runs, 0 hits, 0 errors, 2 left on base; Akron 0 - Northwest Arkansas 0 |
| BOTTOM OF THE 1ST |
|
Northwest Arkansas Naturals batting - Pitching for Akron RubberDucks : LHP John Roe
|
|
Pitching: LHP John Roe
|
|
|
Batting: RHB Gavin Jones
|
0-0: SINGLE (Groundball, 6MD, EV 98.8 MPH)
|
|
Batting: RHB Walt Cogswell
|
0-0: Swinging Strike 0-1: Ball 1-1: Ball 2-1: Foul Ball, location: 2F 2-2: Ball 3-2: Foul Ball, location: 2F 3-2: Foul Ball, location: 2F 3-2: Strikes out swinging
|
|
Batting: RHB Marco Diaz
|
0-0: Ball 1-0: Ball Gavin Jones steals 2nd base (no throw) 2-0: Foul Ball, location: 2F 2-1: Ball 3-1: Foul Ball, location: 2F 3-2: Foul Ball, location: 2F 3-2: Base on Balls
|
|
Batting: RHB Javier Solis
|
0-0: Called Strike 0-1: Fielders Choice at 2nd, 6-4 (Groundball, 6MD, EV 85.6 MPH) Gavin Jones to third
|
|
Batting: SHB Jarrod Lindblad
|
0-0: Ball 1-0: Foul Ball, location: 2F 1-1: Called Strike 1-2: Ball 2-2: Ball 3-2: Strikes out swinging
|
| Bottom of the 1st over - 0 runs, 1 hit, 0 errors, 2 left on base; Akron 0 - Northwest Arkansas 0 |
| TOP OF THE 2ND |
|
Akron RubberDucks batting - Pitching for Northwest Arkansas Naturals : RHP Andrew Tipton
|
|
Batting: RHB Matt Thompson
|
0-0: Ball 1-0: Ball 2-0: Ball 3-0: Called Strike 3-1: Base on Balls
|
|
Batting: LHB Corey Trevor
|
0-0: Foul Ball, location: 2F 0-1: Foul Ball, location: 2F 0-2: Foul Ball, location: 2F 0-2: Ball 1-2: Ball 2-2: Ball 3-2: Base on Balls Matt Thompson to second
|
|
Batting: RHB Reynaldo Herrera
|
0-0: Foul Ball, location: 2F 0-1: Foul Ball, location: 2F 0-2: Strikes out swinging
|
|
Batting: RHB Edwin Rivera
|
0-0: Called Strike 0-1: Called Strike 0-2: Ball 1-2: Ball 2-2: Ground out 4-3 (Groundball, 4S, EV 73.1 MPH) Matt Thompson to third Corey Trevor to second
|
|
Batting: LHB Nick Welling
|
0-0: Ball 1-0: Ball 2-0: Ball 3-0: Base on Balls
|
|
Batting: SHB Arturo Baez
|
0-0: Ball 1-0: Swinging Strike 1-1: Foul Ball, location: 2F 1-2: Ball 2-2: Strikes out swinging
|
| Top of the 2nd over - 0 runs, 0 hits, 0 errors, 3 left on base; Akron 0 - Northwest Arkansas 0 |
| BOTTOM OF THE 2ND |
|
Northwest Arkansas Naturals batting - Pitching for Akron RubberDucks : LHP John Roe
|
|
Batting: LHB Robert Wilkins
|
0-0: Ground out 4-3 (Groundball, 4, EV 84.4 MPH)
|
|
Batting: RHB Tomas Raya
|
0-0: Called Strike 0-1: Ball 1-1: Foul Ball, location: 2F 1-2: SOLO HOME RUN (Flyball, 7LD, EV 91.3 MPH), Distance : 352 ft
|
|
Batting: RHB Egidius Kruger
|
0-0: Called Strike 0-1: Called Strike 0-2: Strikes out swinging
|
|
Batting: RHB Doug Carter
|
0-0: Ball 1-0: TRIPLE (Flyball, 78XD, EV 105.6 MPH)
|
|
Batting: RHB Gavin Jones
|
0-0: Swinging Strike 0-1: Ball 1-1: Ball 2-1: Ball 3-1: Base on Balls
|
|
Batting: RHB Walt Cogswell
|
0-0: Ball 1-0: Called Strike 1-1: Foul Ball, location: 2F 1-2: Foul Ball, location: 2F 1-2: Strikes out swinging
|
| Bottom of the 2nd over - 1 run, 2 hits, 0 errors, 2 left on base; Akron 0 - Northwest Arkansas 1 |
| TOP OF THE 3RD |
|
Akron RubberDucks batting - Pitching for Northwest Arkansas Naturals : RHP Andrew Tipton
|
|
Batting: RHB Harris Leroux
|
0-0: Ball 1-0: Reached on error, E5 (Groundball, 56, EV 101.9 MPH)
|
|
Batting: RHB Christian Blue
|
0-0: Called Strike 0-1: Ball 1-1: Foul Ball, location: 2F 1-2: Strikes out swinging
|
|
Batting: RHB Hieronim Rutkowski
|
0-0: Ball 1-0: Called Strike 1-1: Called Strike 1-2: Strikes out swinging
|
|
Batting: RHB Matt Thompson
|
0-0: Ball 1-0: Fielders Choice at 2nd, 5-4 (Groundball, 56, EV 78.1 MPH)
|
| Top of the 3rd over - 0 runs, 0 hits, 1 error, 1 left on base; Akron 0 - Northwest Arkansas 1 |
| BOTTOM OF THE 3RD |
|
Northwest Arkansas Naturals batting - Pitching for Akron RubberDucks : LHP John Roe
|
|
Batting: RHB Marco Diaz
|
0-0: Foul Ball, location: 2F 0-1: Foul Ball, location: 2F 0-2: Fly out, F8 (Flyball, 8RM, EV 93.8 MPH)
|
|
Batting: RHB Javier Solis
|
0-0: Ball 1-0: Ball 2-0: Ball 3-0: Called Strike 3-1: Fly out, F9 (Line Drive, 9, EV 98.1 MPH)
|
|
Batting: SHB Jarrod Lindblad
|
0-0: Called Strike 0-1: Foul Ball, location: 2F 0-2: Foul Ball, location: 2F 0-2: Ball 1-2: Strikes out swinging
|
| Bottom of the 3rd over - 0 runs, 0 hits, 0 errors, 0 left on base; Akron 0 - Northwest Arkansas 1 |
| TOP OF THE 4TH |
|
Akron RubberDucks batting - Pitching for Northwest Arkansas Naturals : RHP Andrew Tipton
|
|
Batting: LHB Corey Trevor
|
0-0: Ball 1-0: Foul Ball, location: 2F 1-1: Ball 2-1: Called Strike 2-2: Ball 3-2: Foul Ball, location: 2F 3-2: Strikes out swinging
|
|
Batting: RHB Reynaldo Herrera
|
0-0: Called Strike 0-1: Foul Ball, location: 2F 0-2: Ball 1-2: Fly out, F9 (Flyball, 9S, EV 88.1 MPH)
|
|
Batting: RHB Edwin Rivera
|
0-0: Foul Ball, location: 2F 0-1: Ball 1-1: Called Strike 1-2: Ground out 6-3 (Groundball, 6, EV 85.6 MPH)
|
| Top of the 4th over - 0 runs, 0 hits, 0 errors, 0 left on base; Akron 0 - Northwest Arkansas 1 |
| BOTTOM OF THE 4TH |
|
Northwest Arkansas Naturals batting - Pitching for Akron RubberDucks : LHP John Roe
|
|
Batting: LHB Robert Wilkins
|
0-0: Ball 1-0: Foul Ball, location: 2F 1-1: Swinging Strike 1-2: Ball 2-2: Ball 3-2: Strikes out looking
|
|
Batting: RHB Tomas Raya
|
0-0: Ball 1-0: Called Strike 1-1: Ball 2-1: Swinging Strike 2-2: Ball 3-2: Foul Ball, location: 2F 3-2: Foul Ball, location: 2F 3-2: Base on Balls
|
|
Batting: RHB Egidius Kruger
|
0-0: Foul Ball, location: 2F 0-1: Ball 1-1: Ball 2-1: Ball 3-1: Swinging Strike 3-2: 2-RUN HOME RUN (Line Drive, 7D, EV 99.4 MPH), Distance : 380 ft
|
|
Batting: RHB Doug Carter
|
0-0: Called Strike 0-1: Ball 1-1: Fly out, F9 (Line Drive, 9D, EV 96.9 MPH)
|
|
Batting: RHB Gavin Jones
|
0-0: Ground out 2-3 (Groundball, 15S, EV 69.4 MPH)
|
| Bottom of the 4th over - 2 runs, 1 hit, 0 errors, 0 left on base; Akron 0 - Northwest Arkansas 3 |
| TOP OF THE 5TH |
|
Akron RubberDucks batting - Pitching for Northwest Arkansas Naturals : RHP Andrew Tipton
|
|
Batting: LHB Nick Welling
|
0-0: Swinging Strike 0-1: Ground out 4-3 (Groundball, 34, EV 103.1 MPH)
|
|
Batting: SHB Arturo Baez
|
0-0: Ball 1-0: Swinging Strike 1-1: Called Strike 1-2: Strikes out looking
|
|
Batting: RHB Harris Leroux
|
0-0: Swinging Strike 0-1: Ball 1-1: Called Strike 1-2: Foul Ball, location: 2F 1-2: Foul Ball, location: 2F 1-2: Ball 2-2: Ball 3-2: Foul Ball, location: 2F 3-2: SINGLE (Groundball, 56D, EV 106.3 MPH)
|
|
Batting: RHB Christian Blue
|
Pickoff Throw to First - Out! 1-3
|
| Top of the 5th over - 0 runs, 1 hit, 0 errors, 0 left on base; Akron 0 - Northwest Arkansas 3 |
| BOTTOM OF THE 5TH |
|
Northwest Arkansas Naturals batting - Pitching for Akron RubberDucks : LHP John Roe
|
|
Pitching: RHP Mark Norman
|
|
|
Batting: RHB Walt Cogswell
|
0-0: Ball 1-0: Called Strike 1-1: Hit by Pitch
|
|
Batting: RHB Marco Diaz
|
0-0: Called Strike 0-1: Foul Ball, location: 2F 0-2: SINGLE (Groundball, 34D, EV 103.8 MPH) Walt Cogswell to second Walt Cogswell to third
|
|
Batting: RHB Javier Solis
|
0-0: Ball 1-0: Called Strike 1-1: Ball 2-1: Ball 3-1: Base on Balls Marco Diaz to second
|
|
Batting: SHB Jarrod Lindblad
|
0-0: Hit by Pitch Walt Cogswell scores Marco Diaz to third Javier Solis to second
|
|
Batting: LHB Robert Wilkins
|
0-0: Ball 1-0: Foul Ball, location: 2F 1-1: Ball 2-1: Called Strike 2-2: Strikes out swinging
|
|
Batting: RHB Tomas Raya
|
0-0: Called Strike 0-1: Ball 1-1: Ball 2-1: Called Strike 2-2: Ball 3-2: Base on Balls Marco Diaz scores Javier Solis to third Jarrod Lindblad to second
|
|
Batting: RHB Egidius Kruger
|
0-0: Ball 1-0: Ball 2-0: Ball 3-0: Called Strike 3-1: Called Strike 3-2: SINGLE (Line Drive, 7S, EV 99.4 MPH) Javier Solis scores Jarrod Lindblad to third Tomas Raya to second
|
|
Pitching: RHP T.J. McCullough
|
|
|
Batting: RHB Doug Carter
|
0-0: Grounds into double play, 6-4-3 (Groundball, 6, EV 99.4 MPH)
|
| Bottom of the 5th over - 3 runs, 2 hits, 0 errors, 2 left on base; Akron 0 - Northwest Arkansas 6 |
| TOP OF THE 6TH |
|
Akron RubberDucks batting - Pitching for Northwest Arkansas Naturals : RHP Andrew Tipton
|
|
Batting: RHB Christian Blue
|
0-0: Ball 1-0: Foul Ball, location: 2F 1-1: Ball 2-1: Ball 3-1: Base on Balls
|
|
Pitching: LHP Dave Schmidt
|
|
|
Batting: RHB Hieronim Rutkowski
|
0-0: Swinging Strike 0-1: Foul Ball, location: 2F 0-2: Ball 1-2: Foul Ball, location: 2F 1-2: DOUBLE (Line Drive, 7LD, EV 110.6 MPH) Christian Blue to third
|
|
Batting: RHB Matt Thompson
|
0-0: Ball 1-0: Ball 2-0: Called Strike 2-1: Swinging Strike 2-2: Ball 3-2: TRIPLE (Flyball, 9LD, EV 110.0 MPH) Christian Blue scores Hieronim Rutkowski scores
|
|
Batting: LHB Corey Trevor
|
0-0: Fly out, F7 (Flyball, 78S, EV 88.1 MPH)
|
|
Batting: RHB Reynaldo Herrera
|
0-0: Called Strike 0-1: Fly out, F7 (Flyball, 78S, EV 71.3 MPH)
|
|
Batting: RHB Edwin Rivera
|
0-0: Swinging Strike 0-1: Ground out 5-3 (Groundball, 56S, EV 86.9 MPH)
|
| Top of the 6th over - 2 runs, 2 hits, 0 errors, 1 left on base; Akron 2 - Northwest Arkansas 6 |
| BOTTOM OF THE 6TH |
|
Northwest Arkansas Naturals batting - Pitching for Akron RubberDucks : RHP T.J. McCullough
|
|
Batting: RHB Gavin Jones
|
0-0: Ground out 5-3 (Groundball, 5S, EV 91.3 MPH)
|
|
Batting: RHB Walt Cogswell
|
0-0: Called Strike 0-1: Foul Ball, location: 2F 0-2: Ball 1-2: Fly out, F9 (Line Drive, 9D, EV 93.1 MPH)
|
|
Batting: RHB Marco Diaz
|
0-0: Swinging Strike 0-1: Called Strike 0-2: Ball 1-2: Foul Ball, location: 2F 1-2: Ball 2-2: Strikes out looking
|
| Bottom of the 6th over - 0 runs, 0 hits, 0 errors, 0 left on base; Akron 2 - Northwest Arkansas 6 |
| TOP OF THE 7TH |
|
Akron RubberDucks batting - Pitching for Northwest Arkansas Naturals : LHP Dave Schmidt
|
|
Batting: LHB Nick Welling
|
0-0: Called Strike 0-1: Ball 1-1: Ball 2-1: Foul Ball, location: 2F 2-2: SINGLE (Flyball, 78M, EV 92.5 MPH)
|
|
Batting: SHB Arturo Baez
|
0-0: Bunted foul 0-1: Sac Bunt to 23 - play at first, batter OUT! 3-4 Nick Welling to second
|
|
Batting: RHB Harris Leroux
|
0-0: Called Strike 0-1: Foul Ball, location: 2F 0-2: Foul Ball, location: 2F 0-2: Strikes out swinging
|
|
Batting: RHB Christian Blue
|
0-0: Fly out, F8 (Flyball, 8RXD, EV 96.9 MPH)
|
| Top of the 7th over - 0 runs, 1 hit, 0 errors, 1 left on base; Akron 2 - Northwest Arkansas 6 |
| BOTTOM OF THE 7TH |
|
Northwest Arkansas Naturals batting - Pitching for Akron RubberDucks : RHP T.J. McCullough
|
|
Batting: RHB Javier Solis
|
0-0: Called Strike 0-1: Ball 1-1: Foul Ball, location: 2F 1-2: Fly out, F8 (Line Drive, 8RD, EV 86.9 MPH)
|
|
Batting: SHB Jarrod Lindblad
|
0-0: Called Strike 0-1: Ball 1-1: Ball 2-1: Swinging Strike 2-2: Foul Ball, location: 2F 2-2: Ball 3-2: Strikes out swinging
|
|
Batting: LHB Robert Wilkins
|
0-0: Swinging Strike 0-1: Fly out, F8 (Line Drive, 8RM, EV 103.1 MPH)
|
| Bottom of the 7th over - 0 runs, 0 hits, 0 errors, 0 left on base; Akron 2 - Northwest Arkansas 6 |
| TOP OF THE 8TH |
|
Akron RubberDucks batting - Pitching for Northwest Arkansas Naturals : LHP Dave Schmidt
|
|
Pitching: RHP Vinny Reveles
|
|
|
Batting: RHB Hieronim Rutkowski
|
0-0: Called Strike 0-1: Ball 1-1: Ball 2-1: Called Strike 2-2: Ball 3-2: Foul Ball, location: 2F 3-2: Strikes out looking
|
|
Batting: RHB Matt Thompson
|
0-0: Ball 1-0: Swinging Strike 1-1: Ground out U3 (Groundball, 13, EV 86.3 MPH)
|
|
Batting: LHB Corey Trevor
|
0-0: Swinging Strike 0-1: Foul Ball, location: 2F 0-2: Strikes out swinging, 2-3 out at first.
|
| Top of the 8th over - 0 runs, 0 hits, 0 errors, 0 left on base; Akron 2 - Northwest Arkansas 6 |
| BOTTOM OF THE 8TH |
|
Northwest Arkansas Naturals batting - Pitching for Akron RubberDucks : RHP T.J. McCullough
|
|
Pitching: RHP Jay Cowgill
|
|
|
Batting: RHB Tomas Raya
|
0-0: Ball 1-0: Swinging Strike 1-1: Called Strike 1-2: Ball 2-2: Strikes out swinging, 2-3 out at first.
|
|
Batting: RHB Egidius Kruger
|
0-0: Ball 1-0: Ball 2-0: Called Strike 2-1: Swinging Strike 2-2: Ball 3-2: Foul Ball, location: 2F 3-2: Fly out, F9 (Flyball, 89D, EV 86.9 MPH)
|
|
Batting: RHB Doug Carter
|
0-0: Ball 1-0: Ball 2-0: Fly out, F9 (Flyball, 9, EV 96.3 MPH)
|
| Bottom of the 8th over - 0 runs, 0 hits, 0 errors, 0 left on base; Akron 2 - Northwest Arkansas 6 |
| TOP OF THE 9TH |
|
Akron RubberDucks batting - Pitching for Northwest Arkansas Naturals : RHP Vinny Reveles
|
|
Batting: RHB Reynaldo Herrera
|
0-0: Ball 1-0: Foul Ball, location: 2F 1-1: Called Strike 1-2: Ball 2-2: Strikes out swinging
|
|
Batting: RHB Edwin Rivera
|
0-0: Swinging Strike 0-1: Ball 1-1: Ball 2-1: Ball 3-1: Called Strike 3-2: Fly out, F3 (Line Drive, 3, EV 74.4 MPH)
|
|
Batting: LHB Nick Welling
|
0-0: Ball 1-0: Called Strike 1-1: Ball 2-1: Swinging Strike 2-2: Strikes out looking
|
| Top of the 9th over - 0 runs, 0 hits, 0 errors, 0 left on base; Akron 2 - Northwest Arkansas 6 |
|